[Event "Titled Tuesday Blitz July 11 Late 2023"]
[White "Marchesich, Giovanni"]
[Black "D`Arruda, Ricardo D."]
[WhiteFideId "2824790"]
[BlackFideId "100692"]
[WhiteElo "2301"]
[BlackElo "2515"]
[Result "1-0"]
[Round "11"]
[TimeControl "180+2"]
[Date "2023.07.11"]
[WhiteClock "0:00:36"]
[BlackClock "0:00:25"]
[Board "69"]

1. g3 d5 2. Bg2 c6 3. Nh3 Nf6 4. f3 e5 5. Nf2 Bc5 6. O-O O-O 7. c3 d4 8. d3 Nd5 9. c4 Ne3 10. Bxe3 dxe3 11. Ne4 Bd4 12. Nec3 f5 13. Na3 f4 14. Nc2 c5 15. Rb1 Nc6 16. Ne4 Qe7 17. Qe1 a5 18. h4 Nb4 19. Nxd4 exd4 20. a3 Nc6 21. Kh2 fxg3+ 22. Qxg3 Ne5 23. Rg1 Ra6 24. Bh3 Rg6 25. Ng5 h6 26. Bxc8 hxg5 27. h5 Rh6 28. Bg4 Rf4 29. Kg2 Nxg4 30. fxg4 Rf2+ 31. Kh3 Rhf6 32. Rg2 Rxg2 33. Qxg2 Rf2 34. Qd5+ Kh7 35. b4 axb4 36. axb4 cxb4 37. c5 Rxe2 38. Qf5+ Kh6 39. Qg6# 1-0


[Site "https://www.chess.com"]

[Event "Titled Tuesday Blitz July 11 Late 2023"]
[White "Mindhunter08"]
[Black "gordonzyxu"]
[WhiteElo "2507"]
[BlackElo "2037"]
[Result "0-1"]
[Round "11"]
[TimeControl "180+2"]
[Date "2023.07.11"]
[WhiteClock "0:00:03"]
[BlackClock "0:00:05"]
[Board "70"]

1. e4 e5 2. Nf3 Nf6 3. Nxe5 d6 4. Nf3 Nxe4 5. Nc3 Nxc3 6. dxc3 Be7 7. Be3 O-O 8. Qd2 Nd7 9. O-O-O Nf6 10. Bd3 c5 11. Bf4 b6 12. Rhe1 b5 13. Rxe7 Qxe7 14. Bxd6 Qe6 15. Bxf8 Qxa2 16. Qg5 Kxf8 17. Qxc5+ Kg8 18. Qb4 Be6 19. Ng5 a5 20. Qxb5 a4 21. Nxe6 Qxe6 22. Bc4 Qe7 23. Qc6 Rb8 24. Qxa4 Qb7 25. Qa2 Ng4 26. Bd5 Qc7 27. f3 Qf4+ 28. Kb1 Ne3 29. Re1 Nxg2 30. Rc1 Ne3 31. Be4 Qc7 32. Re1 Qxc3 33. Kc1 Qxe1# 0-1


[Site "https://www.chess.com"]

[Event "Titled Tuesday Blitz July 11 Late 2023"]
[White "Sidletskyi, Ivan"]
[Black "BrandonJiang123456"]
[WhiteFideId "14156024"]
[WhiteElo "2528"]
[BlackElo "2259"]
[Result "0-1"]
[Round "11"]
[TimeControl "180+2"]
[Date "2023.07.11"]
[WhiteClock "0:00:00"]
[BlackClock "0:00:03"]
[Board "71"]

1. c4 f5 2. Nc3 Nf6 3. d4 d6 4. g3 g6 5. Bg2 Bg7 6. e3 O-O 7. Nge2 c6 8. O-O Na6 9. b3 Qe8 10. Ba3 Nc7 11. Qc2 a5 12. Rae1 Na6 13. Qd2 Bd7 14. f3 Rb8 15. e4 b5 16. cxb5 cxb5 17. Bb2 b4 18. Nd1 e6 19. Nf2 Nc7 20. Rc1 Nb5 21. Nd3 Bc6 22. e5 Nd5 23. f4 Qd7 24. Rc2 Rfc8 25. Rfc1 dxe5 26. Nc5 Qe7 27. dxe5 Ndc3 28. Nd3 Bxg2 29. Kxg2 Qb7+ 30. Kg1 Qb6+ 31. Nf2 Bf8 32. Bxc3 bxc3 33. Qe1 Bc5 34. Kg2 Rd8 35. Nxc3 Nxc3 36. Rxc3 Rbc8 37. Rc4 Rc6 38. R1c2 Rdc8 39. Nd1 Bb4 40. Qe2 Rxc4 41. Rxc4 Rc5 42. Rxc5 Qxc5 43. Qc4 Qxc4 44. bxc4 Kf7 45. Nb2 Ke7 46. Nd3 Kd7 47. Kf1 Kc6 48. Ke2 Bc3 49. Kd1 Bd4 50. Kc2 Bb6 51. Kb3 Bg1 52. h3 Bh2 53. g4 fxg4 54. hxg4 h5 55. gxh5 gxh5 56. Kc2 h4 57. Kd2 Bg3 58. Ke2 h3 59. Kf3 h2 60. Kg2 a4 61. Nb4+ Kc5 62. Nc2 Bxf4 63. Ne1 Bxe5 64. Nd3+ Kd6 65. c5+ Kd5 66. c6 Bc7 67. Nb4+ Kc5 68. a3 Kb6 69. Kh1 Bd6 70. Nc2 Kxc6 71. Kg2 Kc5 72. Ne3 Kd4 73. Nc2+ Kc3 74. Ne1 Kb3 75. Nd3 Kxa3 76. Nc1 Kb2 77. Nd3+ Kc3 78. Nf4 Bxf4 0-1


[Site "https://www.chess.com"]

[Event "Titled Tuesday Blitz July 11 Late 2023"]
[White "Balla, Tamas-Kristof"]
[Black "Kirillov, Dmitry"]
[WhiteFideId "1208497"]
[BlackFideId "34180572"]
[WhiteElo "2383"]
[BlackElo "2527"]
[Result "1/2-1/2"]
[Round "11"]
[TimeControl "180+2"]
[Date "2023.07.11"]
[WhiteClock "0:00:05"]
[BlackClock "0:00:07"]
[Board "72"]

1. e4 Nf6 2. e5 Ng8 3. d4 d6 4. exd6 exd6 5. c4 f5 6. Nc3 Nf6 7. Nf3 g6 8. Bd3 Bg7 9. O-O O-O 10. Re1 Nc6 11. d5 Nb4 12. Ng5 Nxd3 13. Qxd3 Re8 14. Bd2 Bd7 15. Rxe8+ Qxe8 16. Re1 Qf8 17. Ne6 Bxe6 18. Rxe6 Re8 19. h3 Rxe6 20. dxe6 Qe7 21. Nd5 Nxd5 22. cxd5 c6 23. Bc3 cxd5 24. Qxd5 Bxc3 25. bxc3 a6 26. a4 Kg7 27. Qd4+ Kg8 28. a5 Qxe6 29. Qb4 Qe1+ 30. Kh2 Qe7 31. g3 Kg7 32. h4 h6 33. Qb6 Kh7 34. Qd4 g5 35. hxg5 hxg5 36. Qd5 Kg6 37. Qg8+ Kf6 38. Qd5 g4 39. Qd4+ Qe5 40. Qb6 Qe7 41. c4 Kg5 42. Qd4 Qe5 43. Qb6 Qe7 44. Qd4 Kg6 45. Qb6 f4 46. gxf4 Kf5 47. Qd4 Qe2 48. Qd5+ Kxf4 49. Qxd6+ Kg5 50. Qd8+ Kg6 51. Qd6+ Kf5 52. Qd5+ Qe5+ 53. Kg2 Qxd5+ 54. cxd5 Ke5 55. Kg3 Kxd5 56. Kxg4 b5 57. axb6 Kc6 58. f4 a5 59. f5 a4 60. f6 a3 61. f7 a2 62. f8=Q a1=Q 63. Qc8+ Kxb6 64. Qb8+ Kc6 65. Qc8+ Kb6 66. Qb8+ Kc5 67. Qc7+ Kb4 68. Qb6+ Kc4 69. Qc6+ Kb3 70. Qb5+ Kc2 71. Qc4+ Kb1 72. Qf1+ Ka2 73. Qxa1+ Kxa1 1/2-1/2


[Site "https://www.chess.com"]

[Event "Titled Tuesday Blitz July 11 Late 2023"]
[White "Slovineanu, Viacheslav"]
[Black "Bilan, Danila"]
[WhiteFideId "13900510"]
[BlackFideId "24161918"]
[WhiteElo "2383"]
[BlackElo "2500"]
[Result "0-1"]
[Round "11"]
[TimeControl "180+2"]
[Date "2023.07.11"]
[WhiteClock "0:00:04"]
[BlackClock "0:00:40"]
[Board "73"]

1. d4 d5 2. Nf3 Nf6 3. c4 c6 4. e3 e6 5. Nbd2 Nbd7 6. Bd3 Bd6 7. O-O e5 8. cxd5 cxd5 9. dxe5 Nxe5 10. Nxe5 Bxe5 11. Nf3 Bc7 12. Bb5+ Bd7 13. Bxd7+ Qxd7 14. b3 O-O 15. Bb2 Ne4 16. Qd4 f6 17. Rfd1 Rfd8 18. Rac1 a6 19. Qd3 Rac8 20. h3 Qd6 21. Bd4 h5 22. Rc2 g5 23. g4 hxg4 24. hxg4 Qe6 25. Kf1 Qxg4 26. Ke2 Qg2 0-1


[Site "https://www.chess.com"]

[Event "Titled Tuesday Blitz July 11 Late 2023"]
[White "K2JW"]
[Black "Mei, Austin"]
[BlackFideId "30948479"]
[WhiteElo "2371"]
[BlackElo "2489"]
[Result "0-1"]
[Round "11"]
[TimeControl "180+2"]
[Date "2023.07.11"]
[WhiteClock "0:00:03"]
[BlackClock "0:00:28"]
[Board "74"]

1. d4 Nf6 2. c4 e6 3. Nf3 d5 4. Nc3 c5 5. cxd5 Nxd5 6. e4 Nxc3 7. bxc3 cxd4 8. cxd4 Bb4+ 9. Bd2 Bxd2+ 10. Qxd2 O-O 11. Bc4 Nd7 12. O-O b6 13. Rad1 Bb7 14. Rfe1 Rc8 15. Bb3 h6 16. h3 Nf6 17. d5 exd5 18. exd5 Qd6 19. Nh4 Rfe8 20. Nf5 Qd7 21. Qf4 Kh7 22. Nd6 Rxe1+ 23. Rxe1 Rd8 24. Nxb7 Qxb7 25. d6 Qd7 26. Rd1 Kg8 27. Qb4 b5 28. Qc5 Ne4 29. Qc7 Nxd6 30. Qxd7 Rxd7 31. Kf1 Kf8 32. Ke2 Ke7 33. Rc1 Nf5 34. Ke1 Nd4 35. Bd1 Kd6 36. Bg4 f5 37. Rd1 Ke5 38. Bh5 Nc2+ 39. Ke2 Rxd1 40. Kxd1 Nb4 41. a3 Nd3 42. Ke2 0-1


[Site "https://www.chess.com"]

[Event "Titled Tuesday Blitz July 11 Late 2023"]
[White "Guzman Moneo, Alberto"]
[Black "Fajdetic, Hrvoje"]
[WhiteFideId "2209616"]
[BlackFideId "14501945"]
[WhiteElo "2400"]
[BlackElo "2351"]
[Result "0-1"]
[Round "11"]
[TimeControl "180+2"]
[Date "2023.07.11"]
[WhiteClock "0:00:34"]
[BlackClock "0:00:05"]
[Board "75"]

1. e4 c5 2. Nc3 g6 3. f4 Bg7 4. Nf3 Nc6 5. Bc4 e6 6. d3 Nge7 7. O-O d5 8. Bb3 O-O 9. Qe1 Nd4 10. Nxd4 Bxd4+ 11. Kh1 Bg7 12. f5 exf5 13. Nxd5 Nxd5 14. Bxd5 fxe4 15. dxe4 Be6 16. Bxe6 fxe6 17. Rxf8+ Qxf8 18. Be3 Bxb2 19. Rb1 Qg7 20. Bxc5 Rc8 21. Bxa7 Rxc2 22. Be3 Qe5 23. Qh4 Qf6 24. Qxf6 Bxf6 25. a4 Re2 26. Bh6 Rxe4 27. g3 Rxa4 28. Rxb7 Be5 29. Re7 Ra6 30. Kg2 Bf6 31. Re8+ Kf7 32. Rf8+ Ke7 33. Rc8 Kd7 34. Rf8 Ra2+ 35. Kh3 Bd4 36. Rf7+ Kc6 37. Rxh7 Bg1 38. Kg4 Rxh2 39. Rh8 Bd4 40. Rc8+ Kd7 41. Rc4 e5 42. Bg5 Ke6 43. Rc6+ Kd5 44. Rxg6 e4 45. Bf4 e3 46. Rd6+ Ke4 47. Re6+ Kd3 48. Rd6 e2 49. Be5 e1=Q 50. Rxd4+ Kc2 51. Rc4+ Kb3 52. Rc3+ Qxc3 53. Bxc3 Kxc3 54. Kf5 Kc4 55. g4 Kd5 56. Kf6 Rf2+ 57. Kg6 Ke6 58. g5 Ke7 59. Kg7 Rf7+ 60. Kg8 Rf5 61. g6 Kf6 62. Kh7 Rh5+ 63. Kg8 Rg5 64. Kh7 Rxg6 65. Kh8 Rg1 66. Kh7 Rg2 67. Kh8 Kf7 0-1


[Site "https://www.chess.com"]

[Event "Titled Tuesday Blitz July 11 Late 2023"]
[White "Toktomushev, Teimur"]
[Black "OllieAr"]
[WhiteFideId "14176726"]
[WhiteElo "2397"]
[BlackElo "2327"]
[Result "0-1"]
[Round "11"]
[TimeControl "180+2"]
[Date "2023.07.11"]
[WhiteClock "0:00:00"]
[BlackClock "0:00:42"]
[Board "76"]

1. d4 d5 2. c4 e6 3. Nc3 Nf6 4. Nf3 Bb4 5. Qa4+ Nc6 6. e3 Bd7 7. Qc2 O-O 8. Bd3 dxc4 9. Bxc4 Bd6 10. O-O a6 11. a3 e5 12. h3 h6 13. b4 Re8 14. dxe5 Nxe5 15. Nxe5 Bxe5 16. Bb2 Bc6 17. Rad1 Qe7 18. f4 Bxc3 19. Bxc3 Qxe3+ 20. Kh2 Qe4 21. Bd3 Qe7 22. Rfe1 Be4 23. Qb2 Qd6 24. Be5 Qc6 25. Bxe4 Nxe4 26. Bxg7 f6 27. Bxh6 Kh7 28. Qe2 Kxh6 29. Qg4 Qe6 30. Qh4+ Kg7 31. Rd4 Qf5 0-1


[Site "https://www.chess.com"]

[Event "Titled Tuesday Blitz July 11 Late 2023"]
[White "Omariev, Maksim"]
[Black "Cooper, Aaron"]
[WhiteFideId "4193423"]
[BlackFideId "2634945"]
[WhiteElo "2390"]
[BlackElo "2268"]
[Result "0-1"]
[Round "11"]
[TimeControl "180+2"]
[Date "2023.07.11"]
[WhiteClock "0:00:00"]
[BlackClock "0:00:16"]
[Board "77"]

1. g4 d5 2. Bg2 e5 3. d4 e4 4. h3 Bd6 5. c4 c6 6. Nc3 Ne7 7. Qb3 O-O 8. Bd2 Kh8 9. cxd5 cxd5 10. Nxd5 Nbc6 11. e3 Nxd5 12. Qxd5 Nb4 13. Qxe4 f5 14. Qb1 f4 15. e4 Qb6 16. Nf3 Qb5 17. Bf1 Qa4 18. Bd3 Be6 19. b3 Qc6 20. d5 Nxd5 21. exd5 Bxd5 22. O-O Bxf3 23. Bxh7 Bg2 24. Rc1 Qf3 25. Rc3 Qe2 26. Qd3 Qxd3 27. Bxd3 f3 28. Re1 Rae8 29. Be3 Bb4 30. Rec1 Bxc3 31. Rxc3 Bxh3 32. g5 Rxe3 33. Kh2 Rxd3 34. Rxd3 Bg2 0-1


[Site "https://www.chess.com"]

[Event "Titled Tuesday Blitz July 11 Late 2023"]
[White "Peycheva, Gergana"]
[Black "EsmeraldasAnderson03"]
[WhiteFideId "2916711"]
[WhiteElo "2480"]
[BlackElo "2367"]
[Result "0-1"]
[Round "11"]
[TimeControl "180+2"]
[Date "2023.07.11"]
[WhiteClock "0:00:04"]
[BlackClock "0:00:08"]
[Board "79"]

1. d4 d5 2. c4 dxc4 3. e3 a6 4. Bxc4 Nf6 5. Nf3 e6 6. O-O c5 7. b3 Be7 8. Bb2 O-O 9. Re1 b5 10. Bd3 Bb7 11. dxc5 Bxc5 12. Nd4 Nc6 13. Nxc6 Bxc6 14. Qc2 Nd7 15. Bxh7+ Kh8 16. Be4 Bxe4 17. Qxe4 Nf6 18. Qe5 Bd6 19. Qg5 Be7 20. Nc3 Nd5 21. Qh5+ Kg8 22. Nxd5 Qxd5 23. Qxd5 exd5 24. Red1 Rfd8 25. Rd2 Bb4 26. Rd4 Bc5 27. Rd3 Rac8 28. Rad1 Bb6 29. g3 Rc2 30. R1d2 Rdc8 31. Rxd5 Ba5 32. Rxc2 Rxc2 33. Bd4 Rxa2 34. Rg5 g6 35. Rc5 Kf8 36. Bf6 Ke8 37. Re5+ Kd7 38. Re7+ Kd6 39. Rxf7 Ke6 40. Rf8 Bb4 41. Rb8 Kxf6 42. h4 Be1 43. Kg2 Rxf2+ 44. Kh3 Rf3 45. Rb6+ Kg7 46. Rxa6 Rxg3+ 47. Kh2 Rxe3 48. b4 Bxb4 49. Rb6 Re5 50. Kg3 Bc3 51. Kf4 b4 52. Rb7+ Kh6 53. Rb8 Rh5 54. Kg4 Rc5 55. Rb7 Rc4+ 56. Kg3 Re4 57. Kh3 Re1 58. Kg4 Rg1+ 59. Kh3 Rb1 60. Kg4 b3 61. Rb8 b2 62. Rh8+ Bxh8 63. Kf4 Rf1+ 0-1


[Site "https://www.chess.com"]

[Event "Titled Tuesday Blitz July 11 Late 2023"]
[White "Papayan, Oleg"]
[Black "micke12a"]
[WhiteFideId "4193911"]
[WhiteElo "2475"]
[BlackElo "2363"]
[Result "0-1"]
[Round "11"]
[TimeControl "180+2"]
[Date "2023.07.11"]
[WhiteClock "0:00:00"]
[BlackClock "0:01:43"]
[Board "80"]

1. e4 c5 2. Nf3 d6 3. d4 cxd4 4. Nxd4 Nf6 5. Nc3 g6 6. Be3 Bg7 7. Qd2 O-O 8. f3 Nc6 9. O-O-O Bd7 10. h4 Rc8 11. g4 Ne5 12. h5 Qa5 13. hxg6 fxg6 14. Kb1 Nxf3 15. Nxf3 Rxc3 16. Qxc3 Qxc3 17. bxc3 Nxe4 18. Bc4+ e6 19. Bd4 Rxf3 20. Bxg7 Kxg7 21. Rd3 Rf2 22. Rhd1 d5 23. Kb2 Bc6 24. Bb3 a5 25. a4 Rg2 26. c4 Nc5 27. cxd5 Nxd3+ 28. Rxd3 exd5 29. Bxd5 Bxa4 30. Bb3 Bc6 31. Rd4 Kf6 32. Kc3 Ke5 33. Kc4 a4 0-1


[Site "https://www.chess.com"]

[Event "Titled Tuesday Blitz July 11 Late 2023"]
[White "Liu, Casper"]
[Black "Antonio, Jorge Carlos"]
[WhiteFideId "1454153"]
[BlackFideId "113190"]
[WhiteElo "2468"]
[BlackElo "2307"]
[Result "1-0"]
[Round "11"]
[TimeControl "180+2"]
[Date "2023.07.11"]
[WhiteClock "0:00:38"]
[BlackClock "0:00:32"]
[Board "81"]

1. d4 d5 2. Bf4 c6 3. Nf3 Nf6 4. e3 Bg4 5. Nbd2 e6 6. c3 Bd6 7. Bg3 Bxg3 8. hxg3 h6 9. Bd3 Nbd7 10. Rh4 Qb6 11. Qc2 Bxf3 12. gxf3 O-O-O 13. Kf1 Kb8 14. c4 Qc7 15. c5 e5 16. b4 exd4 17. exd4 Nf8 18. a4 Ng6 19. Bxg6 fxg6 20. Qxg6 Rde8 21. b5 Qe7 22. Kg2 Rc8 23. Rb1 Ka8 24. a5 Rhf8 25. a6 bxa6 26. bxa6 Rb8 27. Rhh1 Rxb1 28. Rxb1 Rb8 29. Qf5 Rxb1 30. Nxb1 Qd7 31. Qe5 Ne8 32. Nc3 Nc7 33. Qe2 Qc8 34. Qe5 Qxa6 35. Qxg7 Qc4 36. Qxc7 Qxc3 37. Qxc6+ Kb8 38. Qxd5 a5 39. c6 Kc7 40. Qd7+ Kb6 41. Qb7# 1-0


[Site "https://www.chess.com"]

[Event "Titled Tuesday Blitz July 11 Late 2023"]
[White "Reprintsev, Alexander"]
[Black "The_Straightforward_Rook"]
[WhiteFideId "14100541"]
[WhiteElo "2456"]
[BlackElo "2322"]
[Result "0-1"]
[Round "11"]
[TimeControl "180+2"]
[Date "2023.07.11"]
[WhiteClock "0:00:05"]
[BlackClock "0:00:21"]
[Board "82"]

1. e4 e5 2. Nf3 Nc6 3. Bc4 Bc5 4. b4 Bb6 5. Bb2 Nf6 6. d3 O-O 7. Nxe5 d5 8. Nxc6 bxc6 9. Bb3 dxe4 10. O-O Ng4 11. d4 e3 12. f3 e2 13. Qxe2 Bxd4+ 14. Bxd4 Qxd4+ 15. Kh1 Nxh2 16. Kxh2 Qxa1 17. c3 a5 18. bxa5 Ba6 19. c4 Rfe8 20. Qf2 Qe5+ 21. Qg3 Qxg3+ 22. Kxg3 Bc8 23. Nc3 Rxa5 24. Ne4 Bf5 25. Nf2 Kf8 26. Rd1 h5 27. Kf4 Be6 28. g4 g5+ 29. Kg3 h4+ 30. Kg2 Ke7 31. Rd2 Rd8 32. Re2 Rd4 33. Ne4 Re5 34. c5 Bxg4 35. Rf2 Be6 36. Rb2 Rexe4 37. fxe4 Rxe4 38. Kf3 Rf4+ 39. Ke3 Bxb3 40. Rxb3 h3 41. Rb8 h2 42. Rh8 Rh4 0-1


[Site "https://www.chess.com"]

[Event "Titled Tuesday Blitz July 11 Late 2023"]
[White "Romero Ruscalleda, Josep"]
[Black "Kiselev, Pavel"]
[WhiteFideId "2231859"]
[BlackFideId "4191102"]
[WhiteElo "2425"]
[BlackElo "2290"]
[Result "0-1"]
[Round "11"]
[TimeControl "180+2"]
[Date "2023.07.11"]
[WhiteClock "0:00:00"]
[BlackClock "0:00:15"]
[Board "83"]

1. e4 c5 2. c3 d5 3. exd5 Qxd5 4. Nf3 Bg4 5. Be2 Nc6 6. O-O Nf6 7. Na3 a6 8. Nc2 Bh5 9. Ne3 Qd7 10. Qa4 e6 11. d4 cxd4 12. cxd4 Be7 13. Rd1 Rd8 14. d5 exd5 15. Qh4 Bg6 16. Qf4 Bd6 17. Qa4 O-O 18. Bd2 d4 19. Nf1 d3 20. Bxd3 Bxd3 21. Bg5 Bb5 22. Qh4 Be2 23. Bxf6 gxf6 24. Rd2 Bxf3 25. gxf3 Qf5 26. Kh1 Qg5 27. Qh3 Bf4 28. Ne3 Rxd2 29. Rg1 Rfd8 30. Rxg5+ fxg5 31. Nf5 Rxf2 32. Kg1 Rxh2 33. Nh6+ Kf8 0-1


[Site "https://www.chess.com"]

[Event "Titled Tuesday Blitz July 11 Late 2023"]
[White "rionelG"]
[Black "Srdanovic, Jovana"]
[BlackFideId "954810"]
[WhiteElo "2278"]
[BlackElo "2405"]
[Result "1-0"]
[Round "11"]
[TimeControl "180+2"]
[Date "2023.07.11"]
[WhiteClock "0:00:09"]
[BlackClock "0:00:11"]
[Board "84"]

1. e4 c6 2. d4 d5 3. e5 Bf5 4. Nf3 e6 5. Be2 Nd7 6. O-O Qb6 7. Nc3 h6 8. a4 Bb4 9. Bd2 a5 10. Nb1 Bxd2 11. Nbxd2 Ne7 12. c4 O-O 13. c5 Qc7 14. Rc1 f6 15. exf6 Rxf6 16. Re1 Raf8 17. Nf1 Be4 18. Ng3 e5 19. dxe5 Nxe5 20. Nxe5 Qxe5 21. Nxe4 dxe4 22. Bf3 Rxf3 23. gxf3 Qg5+ 24. Kh1 exf3 25. Rg1 Qh4 26. Qd6 Nf5 27. Qe6+ Kh8 28. Rcd1 Qxf2 29. Qg6 Qxc5 30. Rdf1 f2 31. Rg2 Qc4 32. Rgxf2 Qe4+ 33. Qg2 Qxg2+ 34. Kxg2 Ne3+ 35. Kg1 Rd8 36. Rf8+ Rxf8 37. Rxf8+ Kh7 38. Rb8 Nc4 39. Rxb7 Kg6 40. Kf2 Kf6 41. Ke2 Ke5 42. Kd3 Kd5 43. Rxg7 Nxb2+ 44. Ke3 Nxa4 45. Rh7 Nc5 46. Rxh6 a4 47. Kd2 a3 48. Kc3 Ne4+ 49. Kb3 c5 50. Kxa3 Kd4 51. Kb2 Kd3 52. Kc1 c4 53. Rh3+ Kd4 54. Rh4 Kd3 55. Rf4 Nc3 56. Rf3+ Kd4 57. h4 Ne2+ 58. Kd2 Ng1 59. Rf4+ Ke5 60. Rxc4 Nh3 61. Ke3 Ng1 62. Kf2 Kf6 63. Kxg1 Kg6 64. Kf2 Kh5 65. Kg3 Kg6 66. Rc5 Kh7 67. Kg4 Kh8 68. h5 Kh7 69. Rc6 Kh8 70. Kg5 Kh7 71. Rc7+ Kh8 72. Kg6 Kg8 73. Rc8# 1-0


[Site "https://www.chess.com"]

[Event "Titled Tuesday Blitz July 11 Late 2023"]
[White "Ncatt"]
[Black "arturdailima"]
[WhiteElo "2400"]
[BlackElo "2267"]
[Result "1-0"]
[Round "11"]
[TimeControl "180+2"]
[Date "2023.07.11"]
[WhiteClock "0:00:18"]
[BlackClock "0:00:03"]
[Board "85"]

1. e4 c5 2. Nf3 d6 3. d4 cxd4 4. Nxd4 Nf6 5. Nc3 a6 6. h3 e6 7. g4 Nfd7 8. Be3 b5 9. Bg2 Bb7 10. f4 Be7 11. Qe2 Qc7 12. O-O-O Nc6 13. Nb3 Nc5 14. f5 Ne5 15. fxe6 Nxe6 16. Nd5 Qd8 17. Bb6 Qd7 18. Nxe7 Qxe7 19. Na5 O-O 20. Rd2 Rac8 21. Rhd1 Nf4 22. Qf2 Nxg2 23. Qxg2 Nc4 24. Nxc4 Rxc4 25. Qg3 Bxe4 26. c3 d5 27. g5 b4 28. Bd4 bxc3 29. Bxc3 a5 30. h4 a4 31. Rd4 Rxd4 32. Bxd4 Rc8+ 33. Bc3 a3 34. Qe3 axb2+ 35. Kxb2 Qb7+ 36. Ka1 Rb8 37. Qc1 Qc6 38. Qd2 Qb5 39. Bb2 Ra8 40. Qd4 f6 41. gxf6 Qa4 42. f7+ Kxf7 43. Qxg7+ Ke6 44. Qf6+ Kd7 45. Qf7+ Kd6 46. Qf6+ Kd7 47. Qg7+ Kd6 48. Be5+ Kc6 49. Qc7+ Kb5 50. Qb7+ Kc4 51. Rc1+ Kd3 52. Qb1+ Ke3 53. Rc3+ Kf2 54. Qb2+ Ke1 55. Rc1+ Qd1 56. Bg3+ Kf1 57. Rxd1# 1-0


[Site "https://www.chess.com"]

[Event "Titled Tuesday Blitz July 11 Late 2023"]
[White "Melikhov, Evgeny V."]
[Black "Schachpanda_Youtube"]
[WhiteFideId "4122046"]
[WhiteElo "2398"]
[BlackElo "2241"]
[Result "1-0"]
[Round "11"]
[TimeControl "180+2"]
[Date "2023.07.11"]
[WhiteClock "0:00:50"]
[BlackClock "0:00:00"]
[Board "86"]

1. d4 d5 2. c4 c6 3. Nc3 dxc4 4. e4 b5 5. a4 b4 6. Na2 Nf6 7. e5 Nd5 8. Bxc4 e6 9. Nf3 Be7 10. O-O O-O 11. Bd2 a5 12. Nc1 Ba6 13. Qe2 Bxc4 14. Qxc4 Qb6 15. Nb3 Nd7 16. Bg5 Rac8 17. Bxe7 Nxe7 18. Rac1 Nd5 19. Nfd2 f5 20. exf6 Rxf6 21. Ne4 Rh6 22. h3 Nf4 23. Nbc5 Nxc5 24. dxc5 Qd8 25. g3 Nxh3+ 26. Kg2 Nf4+ 27. gxf4 Qh4 28. Ng3 Qh3+ 29. Kf3 Rf8 30. Rh1 1-0


[Site "https://www.chess.com"]

[Event "Titled Tuesday Blitz July 11 Late 2023"]
[White "Cooklev, Steven"]
[Black "Quirke, Jeffrey"]
[WhiteFideId "2050552"]
[BlackFideId "2013029"]
[WhiteElo "2388"]
[BlackElo "2259"]
[Result "1/2-1/2"]
[Round "11"]
[TimeControl "180+2"]
[Date "2023.07.11"]
[WhiteClock "0:00:18"]
[BlackClock "0:00:46"]
[Board "87"]

1. e4 c5 2. Nf3 g6 3. c3 d5 4. exd5 Qxd5 5. d4 Bg7 6. Be3 Nf6 7. dxc5 Qxd1+ 8. Kxd1 a5 9. Na3 O-O 10. h3 Ne4 11. Bd3 f5 12. Ke2 Na6 13. Bxa6 Rxa6 14. Nc4 Be6 15. Nb6 Rxb6 16. cxb6 Bc4+ 17. Kd1 f4 18. Bd4 Bxd4 19. cxd4 Nxf2+ 20. Kd2 Nxh1 21. Rxh1 Bd5 22. Re1 e6 23. Rc1 Ra8 24. a3 Ra6 25. Rc8+ Kg7 26. Rc7+ Kg8 27. Rc8+ Kg7 28. Rc7+ Kg8 29. Rc8+ 1/2-1/2


[Site "https://www.chess.com"]

[Event "Titled Tuesday Blitz July 11 Late 2023"]
[White "Haitin, Ilja"]
[Black "Stachanczyk, Jacek"]
[WhiteFideId "4501764"]
[BlackFideId "1116657"]
[WhiteElo "2388"]
[BlackElo "2375"]
[Result "0-1"]
[Round "11"]
[TimeControl "180+2"]
[Date "2023.07.11"]
[WhiteClock "0:01:49"]
[BlackClock "0:01:44"]
[Board "88"]

1. Nf3 Nf6 2. b3 g6 3. Bb2 Bg7 4. e3 O-O 5. d4 d6 6. Be2 Nbd7 7. O-O b6 8. c4 Bb7 9. Nc3 Re8 10. Rc1 Ne4 11. Qc2 Nxc3 12. Bxc3 e5 13. Rfd1 Qe7 14. Bb2 Rac8 15. Ba3 Bxf3 16. Bxf3 exd4 17. exd4 Bxd4 18. h4 Bg7 19. h5 Ne5 20. Be2 Qh4 21. hxg6 hxg6 22. Bb2 Re7 23. g3 Qh3 24. Rd4 Rce8 25. Rh4 Nf3+ 26. Bxf3 Re1+ 0-1


[Site "https://www.chess.com"]

[Event "Titled Tuesday Blitz July 11 Late 2023"]
[White "ArturoCaceres"]
[Black "Osmonbekov, Talaibek"]
[BlackFideId "2017253"]
[WhiteElo "2383"]
[BlackElo "2230"]
[Result "0-1"]
[Round "11"]
[TimeControl "180+2"]
[Date "2023.07.11"]
[WhiteClock "0:00:09"]
[BlackClock "0:00:12"]
[Board "89"]

1. Nf3 f5 2. d4 Nf6 3. Bg5 e6 4. e3 Be7 5. Bd3 Ne4 6. Bxe7 Qxe7 7. c3 b6 8. Nfd2 Bb7 9. O-O O-O 10. f3 Nf6 11. e4 fxe4 12. fxe4 e5 13. Qe2 d6 14. Na3 Nbd7 15. Nac4 Rae8 16. d5 Qf7 17. Rf5 Bc8 18. b4 Qg6 19. Raf1 Rf7 20. Ne3 Ref8 21. Ba6 Nb8 22. Bxc8 Rxc8 23. Qf3 Rff8 24. g4 c6 25. dxc6 Nxc6 26. Ndc4 Ne7 27. Nxd6 Rxc3 28. h3 Nxf5 29. exf5 Qh6 30. Re1 Qf4 31. Qxf4 exf4 32. Ng2 Rxh3 33. Nxf4 Rg3+ 34. Kf2 Rxg4 35. Ne6 Rxb4 36. Rc1 Rb2+ 37. Ke3 Rb8 38. Rc7 Nd5+ 39. Kd4 Nxc7 40. Nxc7 Rxa2 41. Ne6 Rd2+ 42. Ke5 Rxd6 43. Kxd6 b5 44. Kc7 Rb6 45. Nd4 b4 46. Nb3 h5 47. Kd7 h4 48. Ke7 h3 49. Nc5 b3 50. Nd7 Rb7 51. Ke8 Rxd7 52. Kxd7 b2 53. Ke7 b1=Q 54. f6 gxf6 55. Ke6 h2 56. Kd6 h1=Q 57. Ke7 Qhb7+ 58. Ke6 Q1e4+ 59. Kxf6 Qbe7# 0-1


[Site "https://www.chess.com"]

[Event "Titled Tuesday Blitz July 11 Late 2023"]
[White "Thiel, Thomas"]
[Black "Cardenas Carbajal, Nilson"]
[WhiteFideId "4615964"]
[BlackFideId "8401128"]
[WhiteElo "2230"]
[BlackElo "2190"]
[Result "1-0"]
[Round "11"]
[TimeControl "180+2"]
[Date "2023.07.11"]
[WhiteClock "0:00:09"]
[BlackClock "0:00:09"]
[Board "90"]

1. e4 e5 2. Nf3 Nc6 3. d4 exd4 4. Nxd4 Nf6 5. Nxc6 bxc6 6. e5 Qe7 7. Qe2 Nd5 8. h4 h6 9. c4 Nb6 10. Nc3 Ba6 11. b3 O-O-O 12. Bb2 g6 13. O-O-O Bg7 14. f4 Rhe8 15. Qf2 g5 16. hxg5 hxg5 17. g3 gxf4 18. gxf4 Rh8 19. Bh3 Kb8 20. Ne4 Bb7 21. Nc5 d6 22. Nxb7 Kxb7 23. Bg2 Rxh1 24. Bxh1 dxe5 25. Rxd8 Qxd8 26. Qg2 Qd7 27. Qxg7 Qd3 28. Qg2 Qe3+ 29. Kb1 Qd3+ 30. Qc2 Qf1+ 31. Qc1 Qxf4 32. Qxf4 exf4 33. Bc1 a5 34. Bxf4 a4 35. Kb2 axb3 36. axb3 Nd7 37. b4 Nf6 38. b5 Kb6 39. Be3+ c5 40. Kb3 Ng4 41. Bd2 Nf2 42. Bg2 f5 43. Ka4 Nd3 44. Ba5+ Ka7 45. Bxc7 Nb2+ 46. Kb3 Nd3 47. b6+ Ka6 48. b7 f4 49. b8=Q Nc1+ 50. Kc2 f3 51. Qb6# 1-0


[Site "https://www.chess.com"]